 Dungeon Crawl Stone Soup version 0.17-a0-1979-g1c74939 (webtiles) character file.

86 wvc the Poker (level 4, 0/23 HPs)
             Began as a Vine Stalker Warper on Oct 5, 2015.
             Was a Follower of Cheibriados.
             Succumbed to a kobold's poison
             ... on level 3 of the Dungeon.
             The game lasted 00:03:32 (2424 turns).

wvc the Poker (Vine Stalker Warper)                 Turns: 2424, Time: 00:03:32

Health: 0/23       AC:  8    Str: 16    XL:     4   Next: 50%
Magic:  7/8        EV:  7    Int: 16    God:    Cheibriados [*.....]
Gold:   120        SH:  0    Dex: 18    Spells: 1 memorised, 6 levels left

rFire  . . .     SeeInvis .     a - +0 spear
rCold  . . .     Clarity  .     v - +0 chain mail
rNeg   . . .     SustAt   .     (no shield)
rPois  .         Gourm    .     (no helmet)
rElec  .         Spirit   +     (no cloak)
rCorr  .         Warding  .     (no gloves)
rMut   .         Stasis   .     (no boots)
MR     .....                    (no amulet)
Stlth  ..........               (no ring)
                                (no ring)

@: lethally poisoned (0 -> -16), very slow, not resistant to hostile
enchantments, extremely unstealthy
A: fangs 2, regeneration 1, magic shield, antimagic bite, no device heal 3, rot
immunity
a: Bend Time, Renounce Religion


You were on level 3 of the Dungeon.
You worshipped Cheibriados.
Cheibriados was aware of your devotion.
You were not hungry.

You visited 1 branch of the dungeon, and saw 3 of its levels.

You collected 120 gold pieces.

Inventory:

Hand Weapons
 a - a +0 spear (weapon)
 y - a +0 blowgun
Missiles
 e - 5 tomahawks of dispersal (quivered)
 u - 95 stones
 x - 36 poisoned needles
Armour
 b - a +0 leather armour
 l - a +0 plate armour
 v - a +0 chain mail (worn)
Scrolls
 d - a scroll of blinking
 g - 7 scrolls of remove curse {unknown}
 i - a scroll of enchant weapon {unknown}
 k - a scroll of identify {unknown}
 m - a scroll of noise {unknown}
 o - a scroll of magic mapping {unknown}
 r - a scroll of fear {unknown}
 w - a scroll of teleportation {unknown}
Potions
 f - 2 potions of brilliance {unknown}
 h - a potion of haste {unknown}
 j - a potion of flight {unknown}
 n - a potion of mutation {unknown}
 p - a potion of poison {unknown}
 q - 2 potions of degeneration {unknown}
 s - 2 potions of curing {unknown}
Books
 c - a book of Spatial Translocations

   Spells                             Type                      Level
   a - Apportation                    Translocation                1
   b - Blink                          Translocation                2
   c - Shroud of Golubria             Charms/Translocation         2
   d - Portal Projectile              Translocation                3
   e - Teleport Other                 Translocation                3
   f - Passage of Golubria            Translocation                4
Comestibles
 t - a meat ration
 z - a royal jelly


   Skills:
 - Level 1.7 Fighting
 * Level 3.5 Polearms
 - Level 0.8 Throwing
 - Level 2.0 Armour
 - Level 1.5 Dodging
 - Level 2.1 Spellcasting
 - Level 3.0 Translocations


You had 6 spell levels left.
You knew the following spells:

 Your Spells              Type           Power        Failure   Level  Hunger
a - Apportation           Tloc           ##........   91%         1    #......


Dungeon Overview and Level Annotations

Branches:
Dungeon (3/15)

Altars:
Cheibriados
Yredelemnul
The Shining One


Innate Abilities, Weirdness & Mutations

You have extremely sharp teeth.
Your natural rate of healing is unusually fast.
When hurt, damage is shared between your health and your magic reserves.
Your bite disrupts and absorbs the magic of your enemies.
Potions and wands cannot restore your health.
You are immune to rotting.


Message History

You are too injured to fight recklessly!
You are too injured to fight recklessly!
You barely miss the kobold. You bite the kobold, but do no damage.
* * * LOW HITPOINT WARNING * * *
You feel sick. The kobold hits you but does no damage.
You hit the kobold.
The kobold is heavily wounded.
* * * LOW HITPOINT WARNING * * *
You feel sick. The kobold hits you but does no damage.
You closely miss the kobold.
The kobold is heavily wounded.
* * * LOW HITPOINT WARNING * * *
You feel sick. The kobold closely misses you.
You closely miss the kobold.
The kobold is heavily wounded.
* * * LOW HITPOINT WARNING * * *
You feel sick. The kobold hits you.
You barely miss the kobold. You bite the kobold, but do no damage.
The kobold is heavily wounded.
You die...

#######'#####
............# .......
............# .......
............# .......
............# .......
............# .......
............# .......
............######)......
............'..(@K.......
............######.......
############# .....?.
#######


You could see a kobold.

Vanquished Creatures
  4 adders (D:3)
  A worm (D:2)
  An orc (D:3)
  3 bats
  5 giant cockroaches
  9 goblins
  9 hobgoblins
  A quokka (D:3)
  2 giant geckos
  6 giant newts
  4 kobolds
  3 rats
48 creatures vanquished.

Notes
Turn   | Place    | Note
--------------------------------------------------------------
     0 | D:1      | wvc the Vine Stalker Warper began the quest for the Orb.
     0 | D:1      | Reached XP level 1. HP: 11/11 MP: 4/4
   203 | D:1      | Reached XP level 2. HP: 15/15 MP: 6/6
   631 | D:1      | Reached skill level 1 in Armour
  1041 | D:2      | Found a snail-covered altar of Cheibriados.
  1088 | D:2      | Became a worshipper of Cheibriados the Contemplative
  1153 | D:2      | Found a faded altar to an unknown god.
  1587 | D:2      | Found a basalt altar of Yredelemnul.
  1599 | D:2      | Found a glowing golden altar of the Shining One.
  1668 | D:2      | Noticed an angel
  1743 | D:3      | Reached XP level 3. HP: 18/18 MP: 7/7
  1954 | D:3      | Acquired Cheibriados's first power
  2070 | D:3      | Reached XP level 4. HP: 23/23 MP: 8/8
  2424 | D:3      | Succumbed to a kobold's poison

Vault maps used:
D:1:      dpeg_arrival_chambers_temple_mockup
D:2:      grunt_temple_overflow_holy_war, lemuel_coloured_pillars_altar,
          ecumenical_altar_1
D:3:      kennysheep_the_goblin_king

Action                   |  1- 3 |  4- 6 || total
-------------------------+-------+-------++-------
Melee: Spear             |   146 |    48 ||   194
 Stab: Sleeping          |     1 |       ||     1
  Eat: Bread ration      |     1 |       ||     1
       Pizza             |     1 |       ||     1
       Chunk             |     1 |       ||     1
